Map: Year Zero LE

Players

SpoonUser

  • Race: Protoss Protoss
  • League: Gold
  • Spawn Location: 11:00

Trk - Winner!

  • Race: Protoss Protoss
  • League: Gold
  • Spawn Location: 1:00

VOD

Have the link to the VOD?

Description

Time

  • Played on: April 12, 2019, 6:04 a.m.
  • Length: 11:55
Show
View Real Time Build Order
Export as new Build Order

SpoonUser Protoss 

Build Orders:  

Get SALT Encoding   

  12  0:06  Probe  
  13  0:18  Probe  
  14  0:24  Pylon  
  14  0:30  Probe  
  15  0:42  Probe  
  16  0:48  Gateway  
  16  0:51  Probe  
  16  0:54  Assimilator  
  17  0:59  Probe  
  18  1:08  Probe  
  19  1:20  Probe  
  20  1:30  Gateway  
  21  1:32  Probe  
  21  1:39  Cybernetics Core  
  20  1:47  Probe  
  21  1:59  Probe  
  22  2:11  Probe  
  22  2:15  Assimilator  
  23  2:16  Warp Gate, Pylon  
  23  2:34  Probe, Adept x2, Pylon  
  28  2:38  Gateway  
  28  2:46  Probe  
  29  2:58  Probe  
  30  3:09  Robotics Facility  
  30  3:10  Probe  
  31  3:13  Twilight Council  
  31  3:22  Probe  
  36  3:30  Adept x3  
  38  3:45  Nexus  
  38  3:54  Shield Battery  
  38  3:59  Pylon  
  38  4:18  Immortal  
  38  4:38  Stalker x3  
  44  4:46  Blink  
  44  4:47  Probe  
  45  5:08  Probe  
  46  5:15  Probe  
  46  5:16  Probe  
  48  5:26  Probe  
  48  5:27  Probe  
  46  5:31  Stalker x2  
  46  5:32  Stalker  
  50  5:36  Immortal  
  54  5:47  Robotics Facility  
  54  5:58  Stalker x2, Pylon  
  58  6:04  Probe, Pylon  
  58  6:06  Probe, Assimilator  
  58  6:08  Assimilator  
  60  6:12  Probe  
  60  6:14  Probe  
  62  6:25  Sentry  
  62  6:28  Forge  
  62  6:31  Forge  
  64  6:33  Probe  
  64  6:34  Probe  
  66  6:41  Probe  
  66  6:42  Probe  
  66  6:46  Stalker  
  70  6:47  Stalker  
  70  6:53  Charge  
  72  7:05  Gateway  
  72  7:09  Gateway  
  72  7:12  Immortal  
  72  7:16  Gateway  
  76  7:23  Probe  
  77  7:30  Protoss Ground Weapons Level 1  
  77  7:35  Probe  
  77  7:44  Observer  
  77  7:45  Pylon  
  57  8:20  Stalker x2  
  57  8:21  Stalker x4  
  69  8:28  Immortal  
  69  8:37  Nexus  
  69  8:39  Pylon  
  69  8:41  Pylon  
  66  9:14  Photon Cannon, Immortal x2  
  74  9:23  Photon Cannon  
  74  9:31  Protoss Ground Armor Level 1  
  74  9:35  Gateway x2  
  74  9:42  Photon Cannon  
  74  9:45  Probe x2  
  76  9:59  Zealot x3  
  82  10:00  Sentry  
  82  10:01  Sentry  
  80  10:16  Stalker  
  65  10:29  Zealot x3  
  65  10:30  Zealot x2  
  61  10:49  Stalker x4  
  65  11:00  Probe x3  
  65  11:03  Stalker  
  70  11:12  Probe x2  
  70  11:15  Templar Archives  
  72  11:26  Probe  
  72  11:27  Probe x2  
  72  11:31  Stalker  
  72  11:32  Stalker x3  
  58  11:42  Stalker x2  
Show
View Real Time Build Order
Export as new Build Order

Trk Protoss - Winner!

Build Orders: Zealot Archon 

Get SALT Encoding   

  12  0:01  Probe  
  13  0:16  Pylon  
  13  0:19  Probe  
  14  0:32  Probe  
  15  0:36  Gateway  
  15  0:42  Assimilator  
  15  0:45  Probe  
  16  0:53  Probe  
  16  1:03  Probe  
  17  1:10  Assimilator  
  17  1:11  Probe  
  19  1:19  Probe  
  19  1:25  Cybernetics Core  
  20  1:27  Pylon  
  20  1:31  Probe  
  21  1:43  Probe  
  22  1:55  Probe  
  22  2:01  Warp Gate  
  23  2:05  Stalker  
  25  2:12  Probe  
  26  2:30  Nexus  
  26  2:32  Pylon  
  26  2:34  Probe  
  27  2:42  Stalker  
  29  2:51  Forge  
  29  2:59  Gateway  
  29  3:02  Probe  
  30  3:12  Pylon  
  30  3:25  Stalker, Protoss Ground Weapons Level 1  
  32  3:32  Probe  
  33  3:43  Twilight Council  
  33  3:52  Probe  
  33  3:53  Gateway  
  33  3:55  Probe  
  35  4:04  Probe  
  35  4:07  Probe, Sentry x2  
  41  4:15  Pylon  
  41  4:17  Probe  
  42  4:18  Probe  
  41  4:25  Probe  
  41  4:26  Probe, Photon Cannon  
  43  4:32  Blink  
  43  4:33  Probe  
  43  4:34  Probe  
  44  4:43  Probe  
  46  4:45  Probe  
  47  4:53  Dark Shrine  
  47  4:57  Photon Cannon  
  47  4:59  Probe x2  
  49  5:03  Assimilator  
  49  5:05  Zealot  
  51  5:13  Stalker  
  49  5:21  Protoss Ground Weapons Level 2  
  49  5:29  Probe  
  49  5:35  Stalker  
  52  5:40  Probe, Pylon  
  52  5:41  Probe  
  54  5:49  Stalker  
  56  5:52  Probe  
  56  5:55  Assimilator  
  57  5:58  Gateway  
  57  6:00  Stalker  
  57  6:01  Gateway  
  59  6:06  Probe  
  59  6:07  Probe  
  59  6:08  Dark Templar  
  63  6:18  Probe  
  64  6:19  Probe  
  64  6:22  Dark Templar  
  67  6:27  Dark Templar  
  67  6:30  Probe  
  67  6:32  Probe  
  71  6:41  Stalker  
  73  6:47  Probe  
  74  7:07  Probe  
  75  7:17  Archon  
  75  7:18  Nexus  
  75  7:19  Pylon  
  75  7:20  Pylon  
  75  7:29  Pylon  
  75  7:32  Forge  
  75  7:35  Pylon  
  75  7:37  Gateway  
  75  7:38  Gateway, Pylon  
  75  7:39  Gateway  
  64  8:05  Stalker x5  
  64  8:10  Protoss Ground Armor Level 1  
  62  8:13  Protoss Ground Weapons Level 3  
  58  8:38  Dark Templar x2  
  58  8:39  Dark Templar x4  
  70  8:42  Zealot x2  
  74  9:02  Archon  
  72  9:03  Archon x2  
  72  9:05  Stalker x2  
  76  9:14  Photon Cannon  
  76  9:15  Probe  
  76  9:16  Probe x2  
  79  9:18  Pylon  
  79  9:27  Probe  
  79  9:30  Zealot  
  82  9:31  Zealot x2  
  82  9:32  Assimilator  
  82  9:34  Sentry x3  
  82  9:35  Nexus  
  92  9:38  Pylon  
  92  9:42  Pylon  
  92  9:45  Zealot x2  
  92  9:51  Probe x3  
  99  9:55  Zealot x2  
  99  9:56  Zealot  
  75  10:49  Stalker x4  
  75  10:50  Stalker x4  
  83  11:00  Probe  
  84  11:07  Probe, Assimilator  
  84  11:09  Probe x2  
  87  11:13  Probe, Stalker  
  87  11:14  Stalker x5  
  87  11:16  Sentry x2  
  104  11:19  Probe  
  104  11:21  Probe x2  
  104  11:22  Gateway  
  104  11:25  Probe  
  108  11:31  Probe  
Tags
 
Composition
Zealot Archon
League
GoldGold
Matchup
PvP
Spawn Locations
Close Positions
Add a new tag
Caveats
  • Supply blocks, unpowered buildings, or Contaminate may cause inaccurate times.
  • Supply counts are checked every 10 seconds.